 Dungeon Crawl Stone Soup version 0.16.1-51-g6203257 (webtiles) character file.

46777 Mosethyoth the Unseen (level 14, -1/85 HPs)
             Began as a Vampire Enchanter on July 9, 2015.
             Was the Champion of Dithmenos.
             Slain by a catoblepas (11 damage)
             ... on level 13 of the Dungeon on July 14, 2015.
             The game lasted 03:39:52 (26192 turns).

Mosethyoth the Unseen (Vampire Enchanter)          Turns: 26192, Time: 03:39:52

Health: -1/85      AC:  9    Str:  9      XL:     14   Next: 6%
Magic:  32/32      EV:  2    Int: 25      God:    Dithmenos [******]
Gold:   1871       SH:  0    Dex: 15 (16) Spells: 7 memorised, 6 levels left

rFire  x . .     SeeInvis +     a - +9 dagger of Chilly Death {freeze, rPois rF- rC++ MR+}
rCold  + + +     Clarity  .     b - +0 robe of the Swamp {+Blink Str+2 Int+3 Stlth+}
rNeg   + + +     SustAb   .     c - +0 buckler
rPois  ∞         Gourm    .     d - +1 helmet
rElec  .         Spirit   .     f - +1 cloak
rCorr  .         Warding  .     e - +0 pair of gloves of the Hills {Int+3}
rMut   .         Stasis   .     L - +0 pair of boots (curse)
MR     ++...                    r - amulet of regeneration
Stlth  ++++++++++               z - ring of protection from cold
                                t - ring of stealth

@: petrified, regenerating slowly, wreathed by umbra, corpse armour, very
resistant to hostile enchantments, uncannily stealthy
A: bottle blood, fangs 3, see invisible, unbreathing
a: Bat Form, Shadow Step, Shadow Form, Renounce Religion, Evoke Blink


You were on level 13 of the Dungeon.
You worshipped Dithmenos.
Dithmenos was exalted by your worship.
You were near bloodless.

You visited 4 branches of the dungeon, and saw 25 of its levels.
You also visited: Ossuary and Ice Cave.

You collected 1871 gold pieces.

Inventory:

Hand weapons
 a - the +9 dagger of Chilly Death (weapon) {freeze, rPois rF- rC++ MR+}
   (You found it on level 8 of the Dungeon)

   It has been specially enchanted to freeze those struck by it, causing extra
   injury to most foes and up to half again as much damage against particularly
   susceptible opponents.
   It can also slow down cold-blooded creatures.
   It makes you vulnerable to fire.
   It greatly protects you from cold.
   It protects you from poison.
   It affects your resistance to hostile enchantments.
 g - a +4 flail
 h - a +1 vampiric dagger
 k - a +2 dagger of venom
 l - a +0 trident of protection
 m - a +4 dagger of chaos
 n - a +2 whip of venom
 q - a +2 mace of holy wrath
 s - a +2 trident of piercing
 u - a +1 hand axe of flaming
 v - a +4 dagger
 x - a +2 war axe of freezing
 F - a cursed -3 trident
 I - a cursed -3 shortbow
 P - a +2 scimitar of flaming
Missiles
 G - 2 throwing nets (quivered)
 H - 12 poisoned needles
Armour
 b - the +0 robe of the Swamp (worn) {+Blink Str+2 Int+3 Stlth+}
   (You found it in an ice cave)

   It affects your strength (+2).
   It affects your intelligence (+3).
   It lets you blink.
   It makes you more stealthy.
 c - a +0 buckler (worn)
 d - a +1 helmet (worn)
 e - the +0 pair of gloves of the Hills (worn) {Int+3}
   (You acquired it on level 8 of the Dungeon)

   It affects your intelligence (+3).
 f - a +1 cloak (worn)
 i - a +1 chain mail of cold resistance
 o - a +2 robe of magic resistance
 B - a troll hide
 L - a cursed +0 pair of boots (worn)
Jewellery
 r - an amulet of regeneration (around neck)
 t - a ring of stealth (left hand)
 z - a ring of protection from cold (right hand)
 D - an uncursed ring of flight
 E - an uncursed ring of ice
 J - the cursed ring of Peace {rElec rN+ Dex-4, unknown}
   (You found it on level 13 of the Dungeon)

   [ring of dexterity]

   It affects your dexterity (-4).
   It insulates you from electricity.
   It protects you from negative energy.
   It has a curse placed upon it.
Magical devices
 p - a wand of disintegration (2)
 C - a wand of magic darts (33)
 K - a wand of lightning (7)
 W - a wand of teleportation (5)
Scrolls
 j - 4 scrolls of fear
 w - 9 scrolls of teleportation
 y - a scroll of enchant weapon
 O - 3 scrolls of remove curse
Potions
 A - 2 potions of blood
 M - 7 potions of curing
 N - 2 potions of haste
Books
 Q - a book of Hinderance

   Spells                             Type                      Level
   a - Confusing Touch                Hexes                        2
   b - Confuse                        Hexes                        3
   c - Petrify                        Transmutation/Earth          4
   d - Metabolic Englaciation         Hexes/Ice                    5
   e - Gell's Gravitas                Hexes/Translocation          5
   f - Summon Mana Viper              Hexes/Summoning              5


   Skills:
 + Level 7.9 Short Blades
 - Level 3.0 Armour
 + Level 8.1 Dodging
 * Level 16.3 Stealth
 + Level 5.5 Shields
 * Level 10.0 Spellcasting
 + Level 13.1 Hexes
 + Level 5.0 Summonings
 * Level 7.4 Necromancy
 - Level 6.0 Ice Magic
 + Level 5.8 Invocations
 - Level 2.0 Evocations


You had 6 spell levels left.
You knew the following spells:

 Your Spells              Type           Power        Failure   Level  Hunger
a - Ensorcelled Hibernat  Hex/Ice        ######       1%          2    None
b - Confuse               Hex            ######..     1%          3    None
c - Enslavement           Hex            ######..     1%          4    None
d - Condensation Shield   Ice            #####.....   4%          4    None
e - Recall                Summ/Tloc      N/A          6%          3    None
f - Cigotuvi's Embrace    Necr           ######....   8%          5    ####...
g - Simulacrum            Ice/Necr       #####.....   54%         6    #####..


Dungeon Overview and Level Annotations

Branches:
Dungeon (13/15)            Temple (1/1) D:4            Lair (7/8) D:8
  Swamp (0/5) Lair:5       Spider (0/5) Lair:3        Slime (0/6) Lair:6
    Orc (4/4) D:12            Elf (0/3) Orc:3        Vaults (0/5) D:13

Altars:
Ashenzari
Cheibriados
Dithmenos
Elyvilon
Fedhas
Gozag
Kikubaaqudgha
Makhleb
Nemelex Xobeh
Okawaru
Qazlal
Ru
Sif Muna
Trog
Vehumet
Xom
Yredelemnul
Zin
The Shining One
Beogh

Shops:
D:5 !   Orc:3 *

Annotations:
Orc:4 Saint Roka


Innate Abilities, Weirdness & Mutations

You heal slowly.
You can bottle blood from corpses.
You have razor-sharp teeth.
You have supernaturally acute eyesight.
You can survive without breathing.


Message History

You are engulfed in calcifying dust.
The catoblepas gores you but does no damage.
You are engulfed in calcifying dust.
The catoblepas gores you.
* * * LOW HITPOINT WARNING * * *
The orc priest moves out of view.
You are engulfed in calcifying dust.
The troll is no longer encased in ice.
The catoblepas gores you!
* * * LOW HITPOINT WARNING * * *
You are engulfed in calcifying dust.
The catoblepas gores you.
* * * LOW HITPOINT WARNING * * *
The catoblepas breathes a plume of calcifying dust at you.
The blast of calcifying dust hits you!
* * * LOW HITPOINT WARNING * * *
You are engulfed in calcifying dust.
The catoblepas breathes a plume of calcifying dust at you.
The blast of calcifying dust hits you!
You are engulfed in calcifying dust.
The troll is no longer petrified.
The catoblepas gores you!!
A chunk of your corpse armour falls away.
You die...

#.)##.#..#.## ##§##
#.#..........# #§..#
#####.#..#.####### ###§%.#
.................# #§§§§§.
.............. ..# #§§§...
#####.#..#.### #.# #§§§...
#.#........Z.# #.# ##§....
#.)##.#..#.##..#T###### #..§..
#.#)#.#..#. #@Y....# #.#...
#..#)##..# #......######Y..##
#.....#..# #####..#.Y§Y§.....
#######..## #..#.#####.##.
#...# ######(.#[#####.##.
#...# #..................
#.####.###............#.))..[>
#.....#......####..........###
######.####### #.##.......#


You could see a catoblepas and a troll.

Vanquished Creatures
  Snorg (Lair:7)
  Fannar (Lair:1)
  3 hydras
  Erica (Lair:7)
  The ghost of Nattefrost the Cleaver, an experienced MiBe of Trog (D:11)
  A death yak (Lair:6)
  The ghost of Nattefrost the Fighter, an experienced HOFi of Qazlal (D:8)
  Nergalle (Lair:7)
  A deep elf knight (D:13)
  An ice statue (IceCv)
  An unseen horror (D:11)
  An orb spider (Lair:3)
  A hill giant (D:10)
  An orc sorcerer (Orc:3)
  An ugly thing (D:12)
  A necromancer (IceCv)
  A griffon (Lair:7)
  A cyclops (D:13)
  10 elephants
  A manticore (D:13)
  2 black mambas (Lair:1)
  A gargoyle (D:11)
  Psyche (Orc:3)
  An efreet (D:13)
  2 fire drakes
  5 spiny frogs
  5 komodo dragons
  A deep elf priest (D:13)
  4 blue devils (IceCv)
  3 polar bears (Lair:4)
  3 two-headed ogres
  6 trolls
  The ghost of CcS the Firebug, an average DgFE (D:4)
  2 boulder beetles
  19 blink frogs
  A basilisk (Lair:4)
  4 deep elf magi
  A spriggan (D:10)
  Eustachio (D:9)
  2 hungry ghosts
  Grum (D:10)
  16 yaks
  7 hippogriffs
  5 wyverns
  A deep elf fighter (D:13)
  A mottled dragon (D:11)
  A soldier ant (D:13)
  Menkaure (D:5)
  4 wolves (D:10)
  3 wargs
  8 water moccasins
  15 orc warriors
  4 porcupines
  7 ice beasts
  2 black bears
  5 sky beasts
  4 ogres
  A boring beetle (Lair:6)
  4 necrophages
  3 crocodiles
  7 centaurs
  6 phantoms
  A boggart (D:13)
  5 big kobolds
  13 giant frogs
  Blork the orc (D:5)
  A wyvern zombie (D:11)
  2 wyvern skeletons
  5 scorpions
  8 killer bees
  4 electric eels
  8 wights
  A wasp zombie (D:8)
  A centaur zombie (D:10)
  9 crimson imps
  2 giant frog zombies
  2 jellies
  A quasit (D:8)
  5 draconian simulacra (IceCv)
  4 goliath beetles
  19 orc priests
  11 hounds
  4 hell rats (Lair:2)
  4 centaur skeletons
  2 giant frog skeletons
  8 iguanas
  2 troll simulacra (IceCv)
  29 sheep
  A spriggan simulacrum (IceCv)
  26 orc wizards
  A killer bee zombie (D:6)
  8 worker ants
  Ijyb (D:5)
  8 big kobold zombies (Ossuary)
  Terence (D:3)
  5 mummies
  21 adders
  A worker ant zombie (D:10)
  11 gnolls
  10 river rats
  2 ogre simulacra (IceCv)
  A giant mite (D:1)
  3 shadow imps
  3 worms
  3 giant geckos
  An ooze (D:7)
  114 orcs
  A spectral bat (Ossuary)
  A ball python (D:3)
  19 bats
  3 bat simulacra (Ossuary)
  3 giant cockroaches
  21 goblins
  15 hobgoblins
  16 jackals
  11 quokkas
  A giant gecko skeleton (D:6)
  6 giant newts
  A giant spore (D:11)
  4 gnoll zombies (Ossuary)
  6 goblin simulacra (Ossuary)
  4 goblin zombies (Ossuary)
  2 hobgoblin zombies (Ossuary)
  A jackal skeleton (D:4)
  36 kobolds
  2 kobold simulacra (Ossuary)
  6 kobold zombies (Ossuary)
  6 orc zombies (Ossuary)
  14 rats
  3 rat simulacra (Ossuary)
  3 spectral goblins (Ossuary)
  3 spectral kobolds (Ossuary)
  2 spectral rats (Ossuary)
  9 ballistomycetes (D:11)
  A fungus (Lair:1)
775 creatures vanquished.

Vanquished Creatures (collateral kills)
  An ice statue (IceCv)
  2 ice beasts (IceCv)
3 creatures vanquished.

Vanquished Creatures (others)
  A shadow (D:13)
  A water moccasin (Lair:6)
  An iguana (Lair:6)
  A giant spore (D:11)
  2 kobolds (D:13)
  A ballistomycete (D:11)
  A fungus (Lair:6)
  3 plants
  4 toadstools (D:1)
15 creatures vanquished.

Grand Total: 793 creatures vanquished

Notes
Turn   | Place    | Note
--------------------------------------------------------------
     0 | D:1      | Mosethyoth, the Vampire Enchanter, began the quest for the Orb.
     0 | D:1      | Reached XP level 1. HP: 13/13 MP: 3/3
   315 | D:1      | Reached XP level 2. HP: 10/19 MP: 5/5
   764 | D:1      | Reached skill level 5 in Stealth
   770 | D:1      | Learned a level 2 spell: Ensorcelled Hibernation
  1282 | D:2      | Reached XP level 3. HP: 24/24 MP: 6/6
  1723 | D:2      | Reached skill level 5 in Hexes
  1960 | D:2      | Reached XP level 4. HP: 20/30 MP: 2/9
  2151 | D:2      | Learned a level 3 spell: Confuse
  2509 | D:3      | Noticed Terence
  2531 | D:3      | Killed Terence
  2689 | D:3      | Reached XP level 5. HP: 35/35 MP: 6/11
  2721 | D:3      | Reached skill level 1 in Ice Magic
  2836 | D:3      | Reached skill level 6 in Stealth
  3396 | D:4      | Noticed CcS's ghost (average DgFE)
  3403 | D:5      | Entered Level 5 of the Dungeon
  3486 | D:5      | Found Etokhl Faso's Distillery.
  3631 | D:5      | Noticed Ijyb
  3635 | D:5      | Killed Ijyb
  3670 | D:5      | Reached XP level 6. HP: 41/41 MP: 11/13
  3692 | D:5      | Noticed Menkaure
  3705 | D:5      | Noticed a phantom
  3714 | D:4      | Found a staircase to the Ecumenical Temple.
  3859 | Temple   | Entered the Ecumenical Temple
  4031 | D:4      | Found an iron altar of Okawaru.
  4056 | D:4      | Got a smoking blowgun
  4078 | D:4      | Noticed an ogre
  4125 | D:4      | Killed an ogre
  4125 | D:4      | Reached skill level 1 in Armour
  4591 | D:5      | Killed a phantom
  4591 | D:5      | Reached skill level 7 in Stealth
  4591 | D:5      | Reached XP level 7. HP: 42/46 MP: 15/17
  4685 | D:5      | Killed Menkaure
  4832 | D:4      | Found a shadowy altar of Dithmenos.
  4837 | D:4      | Found a bloodstained altar of Trog.
  4840 | D:4      | Became a worshipper of Dithmenos the Shadowed
  4843 | D:4      | Found a deep blue altar of Sif Muna.
  4938 | D:4      | Noticed a phantom
  4956 | D:4      | Killed a phantom
  5005 | D:4      | Killed CcS's ghost
  5005 | D:4      | Reached skill level 8 in Stealth
  5005 | D:4      | Reached XP level 8. HP: 46/52 MP: 15/19
  5210 | D:5      | Found an ancient bone altar of Kikubaaqudgha.
  5232 | D:5      | Noticed Blork the orc
  5233 | D:5      | Found an iron altar of Okawaru.
  5234 | D:5      | Killed Blork the orc
  5850 | D:5      | Reached skill level 5 in Spellcasting
  5909 | D:6      | Found a basalt altar of Yredelemnul.
  6359 | D:7      | Reached skill level 9 in Stealth
  6675 | D:7      | Reached XP level 9. HP: 57/57 MP: 21/21
  7102 | D:7      | Got an ichor-stained arbalest
  7439 | D:7      | Reached skill level 10 in Stealth
  7921 | D:7      | Learned a level 4 spell: Enslavement
  8151 | D:8      | Reached skill level 10 in Hexes
  8197 | D:8      | Acquired Dithmenos' first power
  8207 | D:8      | Reached skill level 1 in Invocations
  8215 | D:8      | Found a sand-covered staircase.
  8247 | Ossuary  | Entered an ossuary
  8435 | Ossuary  | Reached skill level 5 in Dodging
  8449 | Ossuary  | Acquired Dithmenos' second power
  9049 | D:8      | Found a stormy altar of Qazlal.
  9143 | D:8      | Noticed Nattefrost's ghost (experienced HOFi)
  9166 | D:8      | Killed Nattefrost's ghost
  9166 | D:8      | Reached skill level 11 in Stealth
  9166 | D:8      | Reached XP level 10. HP: 28/63 MP: 4/24
  9503 | D:8      | Found a staircase to the Lair.
  9847 | D:8      | Reached skill level 1 in Shields
 10039 | Lair:1   | Entered Level 1 of the Lair of Beasts
 10287 | Lair:1   | Reached skill level 5 in Short Blades
 10493 | Lair:1   | Noticed a black mamba
 10493 | Lair:1   | Noticed a black mamba
 10500 | Lair:1   | Killed a black mamba
 10558 | Lair:1   | Killed a black mamba
 10558 | Lair:1   | Reached skill level 5 in Ice Magic
 10574 | Lair:1   | Acquired Dithmenos' third power
 11073 | Lair:2   | Noticed Fannar
 11082 | Lair:2   | Reached skill level 12 in Stealth
 12171 | Lair:3   | Noticed an elephant
 12172 | Lair:3   | Noticed an elephant
 12172 | Lair:3   | Noticed an elephant
 12173 | Lair:3   | Noticed an elephant
 12267 | D:9      | Noticed Eustachio
 12278 | D:9      | Killed Eustachio
 12289 | D:9      | Reached XP level 11. HP: 64/68 MP: 10/26
 12508 | D:9      | Learned a level 4 spell: Summon Ice Beast
 13244 | D:9      | Acquired Dithmenos' fourth power
 13352 | D:10     | Entered Level 10 of the Dungeon
 13352 | D:10     | Noticed a hill giant
 13356 | D:10     | Killed a hill giant
 13356 | D:10     | Reached skill level 1 in Summonings
 13423 | D:10     | Noticed Grum
 13436 | D:10     | Reached skill level 13 in Stealth
 13450 | D:10     | Killed Grum
 14718 | Lair:1   | Killed Fannar
 14853 | Lair:1   | Learned a level 3 spell: Recall
 14860 | Lair:1   | Learned a level 5 spell: Cigotuvi's Embrace
 14870 | Lair:1   | Learned a level 6 spell: Simulacrum
 14926 | Lair:3   | Killed an elephant
 14938 | Lair:3   | Killed an elephant
 14938 | Lair:3   | Reached skill level 1 in Necromancy
 15075 | Lair:3   | Reached skill level 1 in Evocations
 15113 | Lair:3   | Killed an elephant
 15117 | Lair:3   | Killed an elephant
 15290 | Lair:3   | Found a hole to the Spider Nest.
 15290 | Lair:3   | Noticed an orb spider
 15305 | Lair:3   | Killed an orb spider
 15768 | Lair:4   | Reached XP level 12. HP: 74/74 MP: 28/28
 15776 | Lair:4   | Reached skill level 14 in Stealth
 18107 | Lair:5   | Noticed an eight-headed hydra
 18114 | Lair:5   | Killed an eight-headed hydra
 18216 | Lair:5   | Found a staircase to the Swamp.
 18360 | Lair:5   | Got a pitted chain mail
 19009 | Lair:6   | Reached skill level 5 in Necromancy
 19202 | Lair:6   | Reached skill level 15 in Stealth
 19451 | Lair:6   | Reached skill level 5 in Invocations
 19672 | Lair:6   | Found a staircase to the Slime Pits.
 19734 | Lair:6   | Reached XP level 13. HP: 79/79 MP: 30/30
 20323 | Lair:7   | Noticed Snorg
 20330 | Lair:7   | Killed Snorg
 20340 | Lair:7   | Noticed Nergalle
 20447 | Lair:7   | Noticed Erica
 20471 | Lair:7   | Killed Erica
 20537 | Lair:7   | Killed Nergalle
 20881 | Lair:1   | Identified the +8 chain mail "Guqum" {rElec} (You found it on level 5 of the Lair of Beasts)
 20929 | D:8      | Identified a scroll of acquirement
 20930 | D:8      | Got a pair of warped gloves
 20941 | D:8      | Identified the +0 pair of gloves of the Hills {Int+3} (You acquired it on level 8 of the Dungeon)
 21234 | D:11     | Reached skill level 5 in Shields
 21504 | D:11     | Noticed Nattefrost's ghost (experienced MiBe)
 21634 | D:11     | Killed Nattefrost's ghost
 22175 | D:12     | Found a frozen archway.
 22219 | IceCv    | Entered an ice cave
 22364 | IceCv    | Got a dull robe
 22366 | IceCv    | Got an ichor-stained robe
 22781 | IceCv    | Got an ichor-stained chain mail
 22967 | D:12     | Learned a level 4 spell: Condensation Shield
 23007 | D:12     | Reached skill level 16 in Stealth
 23041 | D:12     | Found a staircase to the Orcish Mines.
 23754 | Lair:1   | Identified the +0 robe of the Swamp {+Blink Str+2 Int+3 Stlth+} (You found it in an ice cave)
 23765 | Lair:1   | Identified the +0 robe of Todio {Int+2} (You found it in an ice cave)
 23766 | Lair:1   | Identified the +5 chain mail of the Gloaming {SInv} (You acquired it in an ice cave)
 23901 | Orc:1    | Entered Level 1 of the Orcish Mines
 24776 | Orc:2    | Found a bloodstained altar of Trog.
 24954 | Orc:3    | Noticed Psyche
 24968 | Orc:3    | Killed Psyche
 25054 | Orc:3    | Found a staircase to the Elven Halls.
 25191 | Orc:3    | Found Grionom's Assorted Antiques.
 25546 | Orc:3    | Found a roughly hewn altar of Beogh.
 25585 | Orc:4    | Entered Level 4 of the Orcish Mines
 25629 | Orc:4    | Noticed Saint Roka
 25706 | D:13     | Found a shadowy altar of Dithmenos.
 25879 | D:13     | Found a gate to the Vaults.
 25919 | D:13     | Reached skill level 5 in Summonings
 25919 | D:13     | Reached XP level 14. HP: 85/85 MP: 13/31
 25921 | D:13     | Reached skill level 10 in Spellcasting
 25930 | D:13     | Got a transparent ivory ring
 26192 | D:13     | Slain by a catoblepas

Action                   |  1- 3 |  4- 6 |  7- 9 | 10-12 | 13-15 || total
-------------------------+-------+-------+-------+-------+-------++-------
Melee: Dagger            |   108 |   153 |   255 |   433 |   532 ||  1481
 Cast: Ensorcelled Hiber |    16 |    53 |    88 |   203 |   124 ||   484
       Confuse           |       |     4 |    22 |    34 |    38 ||    98
       Recall            |       |       |       |    15 |       ||    15
       Cigotuvi's Embrac |       |       |       |       |    37 ||    37
 Abil: End Transformatio |       |       |       |     1 |       ||     1
       Bat Form          |       |       |       |     1 |       ||     1
Evoke: Wand              |       |       |       |       |     2 ||     2
  Use: Potion            |       |     4 |     8 |     2 |     6 ||    20
       Scroll            |       |     8 |     4 |    10 |    13 ||    35
 Stab: Distracted        |     1 |     1 |     2 |     3 |     4 ||    11
       Sleeping          |    20 |    51 |   115 |   177 |   147 ||   510
       Confused          |       |     3 |     6 |     7 |    23 ||    39
  Eat: Corpse            |    10 |    19 |    22 |    41 |    12 ||   104
